AoeStats
← Philip Morris

Arabian Desert

510295845Analyzed
1v1 RM · 2d ago on Sep 30, 2026· 29m 2s· 2 players
Game mode
Random Map
Map size
Tiny (2 player)
Population
200
Speed
Normal
Resources
Standard
Victory
Conquest
Starting age
Dark Age
Ending age
Imperial Age
RankedLock teamsTeams togetherTeam positionsShared explorationLock speedFull tech treeHidden civsTurbo modeCheats
Victory
Defeat
🇦🇷 Goths · Argentina
1222
+17
🇦🇺 Malians · Australia
1237
-17
Philip Morris
0:26 Loom
14:29 Feudal Age
15:05 Double-Bit Axe
15:07 Man-at-Arms
26:12 Wheelbarrow
28:04 Castle Age
27:11 Scale Mail Armor
28:20 Forging
28:04 Gold Mining
28:26 Elite Skirmisher
28:28 Long Swordsman
29:19 Fletching
nathan_skip
7:11 Loom
11:08 Feudal Age
15:34 Fletching
22:05 Padded Archer Armor
24:58 Double-Bit Axe
30:24 Castle Age
Connection lost

Rejoining the realm…

Still unreachable

The connection could not be restored.

Session expired

The server has moved on; the page needs a fresh start.